Map: Sentinel CE

Players

Noobinator

  • Race: Zerg Zerg
  • Spawn Location: 9:00

xBenx

  • Race: Zerg Zerg
  • League: Gold
  • Spawn Location: 9:00

Parafox

  • Race: Protoss Protoss
  • Spawn Location: 12:00

TIU - Winner!

  • Race: Terran Terran
  • Spawn Location: 5:00

Luffy - Winner!

  • Race: Terran Terran
  • Spawn Location: 5:00

Ambient - Winner!

  • Race: Terran Terran
  • League: Platinum
  • Spawn Location: 6:00

VOD

Have the link to the VOD?

Description

Ambient, Luffy, TIU, vs Parafox, xBenx, Noobinator

Time

  • Played on: March 26, 2024, 8:56 p.m.
  • Length: 25:33
Show
View Real Time Build Order
Export as new Build Order

Noobinator Zerg 

Build Orders: Hatch First 

Get SALT Encoding   

  12  0:00  Drone  
  13  0:08  Drone  
  14  0:23  Extractor x2  
  14  0:24  Drone x2  
  16  0:43  Overlord  
  16  0:53  Hatchery  
  15  1:02  Drone x2  
  15  1:03  Drone  
  18  1:13  Drone  
  19  1:25  Unknown  
  18  1:34  Drone  
  18  1:37  Spawning Pool  
  18  1:39  Drone  
  19  1:48  Drone  
  20  2:01  Hatchery  
  19  2:03  Drone  
  20  2:11  Drone x2  
  22  2:19  Drone x2  
  22  2:21  Extractor  
  23  2:28  Lair  
  23  2:32  Extractor  
  23  2:34  Drone  
  23  2:37  Drone  
  24  2:59  Hatchery  
  23  3:08  Drone x2  
  23  3:09  Drone  
  26  3:27  Spire  
  26  3:33  Spore Crawler  
  24  3:34  Drone  
  25  3:43  Drone x2  
  25  3:44  Drone  
  25  3:48  Drone  
  29  3:50  Drone  
  29  3:52  Drone  
  31  3:58  Drone x2  
  31  4:01  Drone  
  34  4:07  Extractor  
  34  4:08  Extractor  
  36  4:17  Drone x4  
  36  4:19  Drone  
  36  4:21  Drone  
  36  4:22  Extractor  
  36  4:23  Drone  
  38  4:24  Extractor  
  38  4:25  Drone  
  38  4:28  Drone  
  38  4:30  Drone  
  40  4:41  Overlord x2  
  40  4:52  Spire  
  39  4:53  Zerg Flyer Weapons Level 1  
  39  5:07  Zergling x12  
  39  5:09  Zergling x2  
  39  5:11  Zergling x2  
  47  5:16  Metabolic Boost  
  45  5:24  Spine Crawler  
  37  5:41  Mutalisk  
  22  6:34  Drone x3  
  22  6:35  Mutalisk  
  22  6:37  Mutalisk, Spine Crawler  
  28  6:42  Drone  
  29  6:47  Drone  
  27  7:49  Drone x3  
Show
View Real Time Build Order
Export as new Build Order

xBenx Zerg 

Build Orders: Hatch First 

Get SALT Encoding   

  12  0:04  Drone  
  13  0:13  Overlord  
  13  0:21  Drone  
  14  0:32  Drone  
  15  0:49  Drone x2  
  17  1:01  Hatchery  
  16  1:13  Drone  
  17  1:19  Spawning Pool  
  17  1:22  Extractor  
  15  1:36  Drone x3  
  15  1:37  Extractor  
  17  1:54  Drone  
  18  2:12  Queen x2  
  18  2:14  Drone  
  18  2:15  Overlord  
  23  2:25  Drone x2  
  23  2:28  Drone  
  26  2:33  Drone  
  27  2:44  Drone  
  28  2:45  Drone x2  
  28  2:46  Extractor  
  29  2:53  Lair  
  29  2:57  Zergling x4  
  31  3:29  Overlord x4  
  31  3:30  Overlord  
  31  3:49  Drone  
  31  3:50  Drone x6  
  37  4:09  Drone x3, Nydus Network  
  40  4:10  Drone  
  40  4:16  Hatchery  
  38  4:26  Metabolic Boost  
  38  4:31  Roach Warren  
  38  4:35  Hydralisk Den  
  38  4:38  Drone, Spore Crawler  
  35  4:39  Drone x4  
  40  4:54  Zergling x4  
  40  4:55  Zergling x8  
  46  5:05  Hydralisk x2  
  46  5:06  Hydralisk  
  52  5:12  Drone x2  
  54  5:15  Queen  
  54  5:18  Nydus Canal  
  56  5:24  Drone x2  
  56  5:25  Extractor  
  56  5:27  Zergling x2  
  58  5:39  Spine Crawler  
  56  5:44  Nydus Canal  
  56  5:52  Zergling x4  
  56  5:53  Zergling x16  
  66  6:02  Zergling x2, Hydralisk  
  59  6:26  Drone x3  
  59  6:28  Spore Crawler  
  59  6:29  Spine Crawler  
  59  6:30  Queen  
  62  6:35  Drone x4  
  62  6:36  Drone x2  
  68  6:43  Extractor  
  68  6:44  Spine Crawler  
  64  6:47  Nydus Canal  
  62  6:54  Hydralisk x2  
  62  6:55  Zergling x8, Roach  
  62  6:57  Glial Reconstitution  
  72  7:04  Infestation Pit  
  72  7:06  Evolution Chamber  
  72  7:07  Spore Crawler  
  69  7:09  Drone  
  69  7:10  Drone  
  69  7:11  Drone  
  69  7:14  Drone  
  69  7:15  Extractor  
  72  7:16  Overlord x5  
  72  7:27  Zergling x2  
  73  7:30  Nydus Canal  
  73  7:39  Overlord  
  73  7:46  Nydus Canal  
  73  7:51  Drone x4  
  73  7:52  Drone  
  78  7:59  Overlord  
  78  8:00  Overlord  
  78  8:02  Drone  
  78  8:03  Drone x3  
  82  8:07  Spore Crawler  
  82  8:09  Hatchery  
  82  8:10  Spine Crawler  
  79  8:13  Drone x3, Hydralisk  
  79  8:14  Zergling x4, Hydralisk  
  79  8:16  Nydus Canal  
  88  8:21  Zergling x2  
  73  8:58  Nydus Canal  
  67  9:06  Drone  
  67  9:07  Drone x3  
  68  9:16  Hydralisk  
  68  9:17  Zergling x8, Hydralisk x4  
  54  9:18  Zergling x2, Nydus Canal  
  53  9:29  Nydus Network  
  53  9:31  Drone x2  
  52  9:32  Drone x2  
  52  9:33  Drone x2  
  52  9:34  Hydralisk x2  
  52  9:35  Zergling x4  
  60  9:40  Hatchery  
  60  9:41  Extractor  
  53  9:47  Zergling x2, Hydralisk  
  56  10:03  Nydus Canal  
  56  10:08  Drone x3  
  59  10:17  Zergling x2, Hydralisk x2  
  59  10:18  Zergling x4  
  64  10:25  Nydus Canal  
  54  10:40  Drone x2  
  56  10:43  Baneling Nest  
  56  10:44  Grooved Spines  
  55  10:54  Drone  
  55  10:55  Queen  
  58  11:03  Spore Crawler  
  57  11:05  Drone x2, Spine Crawler  
  57  11:06  Queen  
  57  11:07  Hydralisk x2  
  57  11:08  Zergling x8, Hydralisk x2  
  72  11:16  Roach x2  
  76  11:22  Spine Crawler  
  75  11:29  Zergling x4, Hydralisk x3  
  75  11:30  Zergling x4  
  76  11:42  Muscular Augments  
  76  11:43  Zergling x4, Roach  
  70  11:52  Zergling x4, Hydralisk x2  
  70  11:53  Zergling x2  
  69  12:02  Burrow  
  69  12:06  Spine Crawler x2  
  69  12:08  Hydralisk  
  69  12:14  Nydus Canal  
  64  12:27  Drone  
  64  12:53  Hatchery  
  64  12:56  Infestor x4  
  70  13:09  Zergling x6, Roach x2  
  76  13:28  Nydus Canal  
  76  13:32  Baneling  
  76  13:33  Baneling x5  
  76  13:37  Hive  
  76  13:41  Drone x4  
  80  13:51  Nydus Canal  
  80  13:52  Infestor x3  
  75  14:23  Nydus Canal  
  66  14:36  Zergling x4, Hydralisk  
  66  14:37  Zergling x10, Hydralisk x2, Roach x2  
  62  15:06  Infestor x3  
  55  15:08  Zergling x6, Hydralisk x3  
  55  15:09  Zergling x2  
  61  15:29  Hatchery  
  61  15:34  Nydus Canal  
  60  15:37  Nydus Canal  
  60  15:44  Overlord  
  60  15:49  Drone  
  61  15:55  Nydus Canal  
  56  16:28  Infestor  
  56  16:30  Nydus Canal  
  56  16:34  Nydus Canal  
  56  16:35  Zergling x2, Hydralisk x2  
  56  16:36  Zergling x4, Roach x3  
  66  16:43  Spine Crawler  
  36  17:09  Zergling x6, Hydralisk x3  
  36  17:10  Zergling x4  
  47  17:24  Extractor  
  43  17:33  Spawning Pool  
  43  17:34  Extractor  
  28  18:20  Zergling x6  
  25  18:35  Spine Crawler  
  25  18:36  Spine Crawler  
  23  18:45  Drone x2  
  23  18:46  Baneling Nest  
  24  18:50  Hatchery  
  3  19:49  Drone  
  2  21:00  Drone  
  2  21:15  Hatchery  
  1  21:29  Hatchery  
    22:29  Drone  
  1  22:41  Drone  
  2  23:09  Drone  
  3  23:36  Drone  
  4  23:55  Drone  
  5  24:07  Drone  
  6  24:20  Drone  
  7  24:50  Spawning Pool  
Show
View Real Time Build Order
Export as new Build Order

Parafox Protoss 

Build Orders: Carriers 

Get SALT Encoding   

  12  0:13  Pylon  
  12  0:16  Probe  
  13  0:31  Forge  
  13  0:34  Probe (Chrono Boost)  
  14  0:44  Probe (Chrono Boost)  
  14  0:49  Pylon  
  15  0:57  Pylon  
  15  1:06  Probe (Chrono Boost)  
  16  1:11  Pylon  
  16  1:18  Probe (Chrono Boost)  
  17  1:19  Pylon  
  17  1:35  Assimilator  
  17  1:38  Pylon  
  17  1:39  Gateway  
  17  1:44  Assimilator, Probe  
  18  2:05  Photon Cannon  
  17  2:10  Probe  
  17  2:14  Photon Cannon  
  18  2:19  Photon Cannon  
  18  2:25  Probe (Chrono Boost)  
  18  2:26  Pylon  
  19  2:31  Cybernetics Core  
  19  2:38  Probe (Chrono Boost)  
  20  2:45  Probe (Chrono Boost)  
  21  2:51  Photon Cannon  
  21  3:00  Pylon  
  21  3:03  Probe  
  22  3:11  Warp Gate  
  22  3:15  Probe  
  22  3:17  Stalker  
  25  3:27  Probe  
  26  3:35  Shield Battery  
  26  3:39  Probe (Chrono Boost)  
  27  3:48  Stalker  
  29  4:08  Probe  
  30  4:20  Assimilator  
  30  4:22  Nexus  
  30  4:27  Probe  
  31  4:33  Assimilator  
  31  4:47  Nexus  
  31  4:52  Probe (Chrono Boost)  
  32  5:04  Probe (Chrono Boost)  
  33  5:10  Probe (Chrono Boost)  
  34  5:17  Stargate  
  34  5:19  Stargate  
  34  5:23  Probe  
  36  5:37  Probe (Chrono Boost)  
  36  5:39  Probe (Chrono Boost)  
  37  5:47  Probe (Chrono Boost)  
  38  5:52  Probe (Chrono Boost)  
  39  6:00  Fleet Beacon  
  39  6:03  Probe  
  40  6:04  Stargate  
  40  6:08  Photon Cannon  
  40  6:10  Pylon  
  40  6:14  Photon Cannon  
  40  6:15  Probe, Pylon  
  41  6:25  Stargate  
  41  6:28  Probe (Chrono Boost)  
  41  6:32  Probe (Chrono Boost)  
  44  6:33  Probe (Chrono Boost)  
  44  6:38  Probe (Chrono Boost)  
  45  6:43  Probe (Chrono Boost)  
  46  6:53  Carrier (Chrono Boost)  
  46  6:54  Probe  
  53  7:13  Carrier (Chrono Boost)  
  65  7:19  Carrier (Chrono Boost)  
  69  7:36  Carrier (Chrono Boost)  
  67  7:39  Probe (Chrono Boost)  
  67  7:43  Assimilator  
  68  7:47  Carrier (Chrono Boost)  
  68  7:48  Pylon  
  68  7:49  Probe (Chrono Boost)  
  75  7:54  Probe (Chrono Boost)  
  75  7:57  Pylon  
  75  7:58  Pylon  
  76  8:06  Probe  
  76  8:11  Photon Cannon  
  77  8:13  Shield Battery  
  77  8:14  Photon Cannon  
  77  8:16  Shield Battery  
  77  8:18  Probe  
  78  8:21  Pylon  
  78  8:23  Pylon  
  78  8:24  Carrier (Chrono Boost)  
  84  8:28  Pylon  
  90  8:48  Carrier (Chrono Boost)  
  90  8:57  Carrier (Chrono Boost)  
  96  9:10  Carrier (Chrono Boost)  
  96  9:43  Carrier (Chrono Boost)  
  102  9:55  Carrier (Chrono Boost)  
  102  9:58  Carrier (Chrono Boost)  
  108  10:07  Probe  
  109  10:16  Assimilator  
  109  10:19  Probe  
  110  10:31  Probe (Chrono Boost)  
  110  10:34  Nexus  
  112  10:43  Probe (Chrono Boost)  
  112  10:49  Probe (Chrono Boost)  
  118  10:54  Carrier (Chrono Boost)  
  119  11:00  Carrier (Chrono Boost)  
  93  11:29  Carrier  
  98  11:51  Probe  
  99  12:03  Probe  
  100  12:39  Probe  
  101  12:45  Probe  
  96  13:27  Carrier  
  78  14:29  Probe x2  
  80  14:41  Probe x2  
  75  14:53  Probe  
  75  15:28  Probe  
  76  15:40  Probe  
  77  15:47  Probe  
  78  15:52  Probe  
  79  15:59  Probe  
  80  16:04  Probe  
  81  16:11  Probe  
  81  16:16  Probe  
  82  16:41  Probe (Chrono Boost)  
  83  18:12  Pylon  
  83  18:15  Pylon  
  83  18:18  Forge, Pylon  
  83  18:31  Assimilator  
  83  18:32  Nexus  
  83  18:36  Pylon, Probe  
  84  18:48  Probe  
  85  19:00  Probe  
  94  19:10  Void Ray  
  94  19:11  Void Ray  
  94  19:16  Forge  
  94  19:19  Pylon  
  94  19:24  Photon Cannon  
  102  19:43  Void Ray (Chrono Boost)  
  96  19:50  Void Ray (Chrono Boost)  
  96  19:51  Void Ray x2 (Chrono Boost)  
  86  20:11  Assimilator  
  86  20:16  Assimilator  
  86  20:18  Pylon  
  86  20:20  Gateway, Pylon  
  86  20:28  Pylon  
  94  20:51  Void Ray x2  
  94  20:52  Fleet Beacon  
  68  21:41  Photon Cannon x2  
  68  21:42  Photon Cannon  
  68  21:45  Pylon  
  68  21:48  Photon Cannon  
  68  21:50  Photon Cannon  
  68  21:51  Pylon  
  68  21:53  Probe x2  
  68  21:54  Cybernetics Core  
  70  22:15  Nexus  
  30  22:29  Pylon  
  30  22:32  Carrier  
  36  23:00  Shield Battery  
  36  23:02  Photon Cannon  
  36  23:04  Shield Battery  
  36  23:11  Shield Battery  
  4  24:35  Probe (Chrono Boost)  
  5  24:45  Probe (Chrono Boost)  
Show
View Real Time Build Order
Export as new Build Order

TIU Terran - Winner!

Build Orders:  

Get SALT Encoding   

  12  0:01  SCV  
  13  0:21  Supply Depot  
  13  0:22  SCV  
  14  0:34  SCV  
  15  0:46  Barracks  
  15  0:57  SCV  
  16  1:09  SCV  
  17  1:21  SCV  
  18  1:33  Marine  
  18  1:34  SCV  
  20  1:40  Refinery  
  20  1:54  Barracks  
  20  1:56  SCV  
  21  2:06  Engineering Bay  
  21  2:08  SCV  
  21  2:09  Marine  
  23  2:33  Refinery  
  23  2:41  Supply Depot  
  23  3:03  Command Center, SCV, Marine  
  25  3:15  SCV  
  25  3:17  Marine  
  27  3:20  Marine  
  27  3:25  Factory  
  28  3:27  SCV  
  29  3:34  Marine  
  29  3:35  Bunker  
  29  3:38  Marine  
  31  3:49  Supply Depot  
  31  3:50  SCV  
  31  4:09  Factory Tech Lab  
  31  4:10  SCV, Marine x2  
  34  4:18  Missile Turret  
  34  4:24  SCV  
  34  4:25  SCV  
  34  4:28  Marine x2  
  38  4:32  Missile Turret  
  38  4:43  Siege Tank  
  41  4:46  Marine  
  43  4:53  Missile Turret  
  43  5:03  Barracks Tech Lab  
  42  5:13  Missile Turret  
  42  5:14  Barracks Reactor  
  42  5:24  Barracks  
  42  5:27  Barracks  
  42  5:51  Marine x2  
  42  5:52  Marine  
  43  6:09  Marine x2  
  43  6:15  Marine  
  39  6:27  Marine x2  
  41  6:33  Marine  
  41  6:36  Barracks Reactor x2  
  42  6:45  Marine x2  
  43  6:58  Marine  
  43  7:00  Missile Turret  
  44  7:03  Marine x2  
  46  7:11  Terran Infantry Weapons Level 1  
  46  7:15  Engineering Bay  
  46  7:16  Marine  
  46  7:19  SCV x2  
  46  7:20  Missile Turret, Marine  
  46  7:21  Marine  
  50  7:31  SCV  
  50  7:34  Marine  
  52  7:38  Marine x2  
  54  7:58  Terran Infantry Armor Level 1  
  54  8:02  Supply Depot  
  54  8:23  SCV x2, Marine x5  
  54  8:24  Supply Depot  
  61  8:36  SCV  
  62  8:46  Marine  
  62  8:47  Marine x6  
  62  8:48  Supply Depot  
  61  9:04  Marine x5  
  61  9:05  Marine x2  
  63  9:22  Marine x5  
  68  9:32  Marine x2  
  70  9:45  Marine x2  
  70  9:46  Marine  
  70  9:50  SCV x2, Marine x3  
  75  9:55  Marine  
  76  10:02  SCV  
  76  10:03  Marine  
  71  10:32  Marine  
  71  10:33  Marine  
  70  10:58  Orbital Command  
  70  10:59  Orbital Command  
  70  11:27  Marine x2  
  70  11:28  Command Center, Marine x2  
  70  11:29  Marine x3  
  68  11:45  Marine x2  
  70  11:54  Supply Depot  
  70  11:55  Supply Depot  
  70  11:56  Supply Depot  
  70  11:59  Supply Depot  
  70  12:00  Refinery  
  70  12:01  Refinery  
  70  12:16  SCV x2, Marine x3  
  70  12:17  Supply Depot  
  70  12:19  Supply Depot  
  70  12:20  Marine x4  
  70  12:22  Supply Depot  
  79  12:25  Supply Depot  
  79  12:28  SCV x2  
  81  12:33  Marine x3  
  84  12:45  Missile Turret  
  84  12:48  SCV  
  84  12:49  SCV  
  87  12:52  Missile Turret, Marine x2  
  87  12:53  Marine x3  
  91  13:00  SCV  
  91  13:01  SCV  
  88  13:05  Marine  
  88  13:06  Marine  
  88  13:10  Marine x3  
  88  13:11  Marine x2  
  88  13:12  Missile Turret  
  75  13:23  Marine x2  
  73  13:28  Marine x4  
  73  13:29  Marine  
  73  13:33  Missile Turret  
  69  13:41  Marine x2  
  69  13:45  Marine  
  69  13:46  Marine x3  
  69  13:47  Marine  
  69  13:59  Marine x2  
  70  14:03  Marine  
  70  14:04  Marine x3  
  70  14:05  Marine  
  74  14:17  Marine x2  
  74  14:21  Marine x2  
  74  14:22  Marine x3  
  78  14:30  Barracks x2  
  66  14:31  Barracks  
  66  14:32  Barracks  
  66  14:35  Marine x2  
  65  14:39  Marine x3  
  65  14:40  Marine x2  
  59  14:57  Marine  
  59  14:58  Marine x6  
  63  15:15  Marine x3  
  63  15:16  Marine  
  65  15:26  Marine  
  65  15:27  Marine x2  
  66  15:33  Marine x4  
  66  15:34  SCV  
  69  15:44  Marine  
  70  16:16  Marine x3  
  70  16:17  Marine x3  
  76  16:20  Barracks Reactor x3  
  76  16:21  Barracks Reactor x2  
  58  16:34  Marine x4  
  51  16:45  Siege Tank  
  47  16:58  Marine  
  27  20:56  Command Center  
  11  22:14  Barracks Reactor x4  
  11  22:34  SCV  
  12  22:47  SCV  
  12  22:50  Marine  
  12  22:51  Marine  
  15  22:52  Marine x3  
  15  22:53  Marine  
  15  22:56  Marine  
  20  23:01  Marine  
  21  23:18  Marine x4  
  25  23:36  Marine  
  25  23:37  Marine x3  
  29  24:03  Marine x3  
  29  24:04  Marine x3  
  35  24:14  Marine x2  
  37  24:24  Marine  
  37  24:25  Marine x2  
  40  24:40  Marine x3  
  40  24:42  Marine  
  44  24:46  Marine  
  45  24:56  Marine  
  45  24:57  Marine  
  47  25:06  Marine x2  
  49  25:14  SCV  
Show
View Real Time Build Order
Export as new Build Order

Luffy Terran - Winner!

Build Orders:  

Get SALT Encoding   

  12  0:37  Command Center  
  12  0:40  SCV  
  13  0:52  SCV  
  14  0:59  Supply Depot  
  14  1:06  SCV  
  15  1:21  SCV  
  16  1:33  SCV  
  18  1:50  Barracks  
  18  1:51  SCV  
  18  1:52  SCV  
  19  2:00  Barracks  
  19  2:04  Refinery  
  19  2:05  Refinery  
  19  2:06  SCV  
  19  2:07  SCV  
  21  2:18  SCV  
  21  2:19  SCV  
  21  2:20  Refinery  
  23  2:31  SCV x2  
  25  2:38  Barracks  
  25  2:44  SCV x2  
  25  2:51  Barracks Reactor  
  27  2:52  Barracks Reactor  
  27  2:59  SCV  
  27  3:00  SCV  
  29  3:11  SCV  
  30  3:13  SCV  
  31  3:23  SCV  
  31  3:25  SCV  
  33  3:27  Barracks Reactor  
  33  3:30  Reaper x2  
  33  3:33  Reaper  
  36  3:34  Reaper  
  36  3:35  SCV  
  38  3:47  Supply Depot x2  
  38  4:03  Orbital Command x2  
  38  4:09  Reaper x4  
  42  4:10  Reaper x2  
  44  4:20  Supply Depot  
  44  4:25  Engineering Bay  
  44  4:29  SCV x2  
  46  4:41  Reaper x3  
  46  4:42  Reaper x3  
  52  4:49  SCV x2  
  52  4:52  Supply Depot  
  54  4:55  Refinery  
  54  5:00  Missile Turret  
  54  5:03  Missile Turret  
  54  5:05  SCV x2  
  43  6:09  Reaper x2  
  43  6:10  Reaper x2  
  41  6:17  Orbital Command  
  38  6:51  Reaper x4  
  38  6:52  Reaper  
  43  6:56  Neosteel Armor  
  43  6:58  SCV x2  
  45  7:10  SCV x2  
  47  7:22  SCV x2  
  49  7:23  Reaper  
  49  7:25  Reaper  
  49  7:26  Reaper x3  
  54  7:44  SCV x2  
  56  7:47  Supply Depot  
  56  7:55  Reaper  
  56  7:56  SCV  
  56  7:58  Reaper  
  59  8:34  Reaper x5  
  60  8:36  Hi-Sec Auto Tracking  
  63  9:06  Reaper x2  
  37  9:41  Orbital Command  
  37  9:56  SCV  
  38  10:02  Reaper x2  
  40  10:08  SCV  
  41  10:20  SCV  
  42  10:33  SCV  
  37  10:45  SCV  
  38  10:50  SCV  
  39  10:57  SCV  
  39  11:02  SCV  
  41  11:09  SCV  
  42  11:14  SCV  
  16  12:28  Marine x5  
  16  12:29  SCV  
  22  12:30  SCV  
  23  12:41  Supply Depot  
  23  12:45  Marine  
  23  12:46  Marine x4  
  28  12:51  SCV  
  28  12:52  SCV  
  30  12:58  Factory  
  30  13:03  Marine  
  30  13:04  Marine, SCV x2  
  30  13:05  Marine  
  33  13:16  SCV  
  34  13:23  Marine  
  34  13:24  Marine x3  
  22  13:40  Orbital Command  
  22  13:41  Marine  
  22  13:42  Marine x2  
  15  14:29  Marine  
  15  14:30  Marine x3  
  19  14:34  SCV  
  20  14:46  SCV  
  21  15:00  Armory  
  21  15:02  Engineering Bay  
  21  15:15  Orbital Command  
  21  15:19  Barracks Reactor, Marine  
  21  15:20  Marine  
  23  15:27  SCV  
  24  15:39  SCV  
  24  15:40  Starport  
  25  15:45  SCV  
  28  15:51  SCV  
  29  16:03  SCV  
  25  16:32  Terran Infantry Weapons Level 1  
  25  16:33  Terran Infantry Armor Level 1  
  25  16:34  Starport Reactor  
  25  16:40  SCV  
  26  16:52  SCV  
  27  17:02  Barracks x2  
  27  17:04  Orbital Command  
  27  17:09  SCV  
  28  17:21  SCV  
  29  17:22  Refinery  
  29  17:24  Refinery  
  29  17:34  SCV  
  30  17:38  SCV  
  31  17:46  SCV  
  31  17:50  SCV  
  33  17:59  Barracks Tech Lab x2  
  33  18:07  Barracks x2  
  33  18:19  SCV  
  34  18:26  SCV  
  35  18:28  Terran Infantry Weapons Level 2  
  35  18:29  Terran Infantry Armor Level 2  
  35  18:30  Marine x2  
  35  18:31  SCV  
  38  18:38  SCV  
  36  18:43  SCV  
  27  18:50  SCV  
  22  19:32  Command Center  
  22  19:56  Barracks  
  22  20:06  Barracks  
  22  20:17  Barracks  
  22  20:22  Barracks  
  23  20:52  Barracks Tech Lab  
  23  20:54  Terran Infantry Weapons Level 3  
  23  20:55  Terran Infantry Armor Level 3  
  22  20:57  Barracks Tech Lab  
  22  21:01  Starport  
  22  21:08  Barracks  
  22  21:13  Barracks Reactor x2  
  22  21:31  Supply Depot  
  22  21:40  Marine x2  
  20  22:36  Starport  
  20  22:42  Barracks Tech Lab  
  20  22:44  Barracks  
  20  22:52  Marine x3  
  23  23:02  Marine x2  
  25  23:16  Marine  
  25  23:17  Factory Reactor, Marine x3  
  25  23:19  Medivac  
  31  23:31  Supply Depot  
  31  23:32  Supply Depot  
  31  23:33  Marine x2  
  33  23:34  Marine  
  33  23:37  Marine  
  33  23:38  Marine  
  36  23:48  Barracks Reactor  
  36  23:57  Marine x3  
  36  24:00  Marine  
  36  24:01  Marine x2  
  42  24:07  SCV  
  42  24:09  Factory Reactor  
  43  24:15  Marine x3, Starport  
  46  24:18  Marine  
  46  24:20  SCV  
  48  24:33  Refinery x2  
  48  24:43  Marine  
  49  24:56  Marine  
  49  24:57  Marine x3  
  53  25:08  Marine x2  
  53  25:09  Marine  
  56  25:17  SCV  
  57  25:33  Command Center  
Show
View Real Time Build Order
Export as new Build Order

Ambient Terran - Winner!

Build Orders:  

Get SALT Encoding   

  12  0:00  SCV  
  13  0:12  SCV  
  14  0:18  Supply Depot  
  14  0:24  SCV  
  15  0:36  Refinery  
  15  0:41  Barracks  
  15  0:45  SCV  
  16  0:57  SCV  
  17  1:09  SCV  
  18  1:21  SCV  
  19  1:30  Reaper  
  20  1:33  SCV  
  21  1:48  SCV  
  22  1:57  Factory  
  22  2:05  Marine  
  23  2:18  Orbital Command  
  23  2:26  Command Center  
  23  2:41  Supply Depot  
  23  2:43  Factory Tech Lab  
  23  2:54  Engineering Bay  
  23  3:03  SCV, Marine  
  25  3:10  Siege Tank  
  28  3:15  SCV  
  29  3:21  Marine, Refinery  
  29  3:26  Supply Depot  
  30  3:27  SCV  
  31  3:38  Marine, Starport  
  31  3:39  SCV  
  33  3:41  Orbital Command  
  33  3:59  SCV  
  34  4:03  Siege Tank  
  34  4:04  Marine  
  34  4:07  SCV  
  39  4:12  Barracks  
  39  4:21  Supply Depot  
  39  4:22  SCV x2  
  39  4:24  Medivac  
  43  4:29  Refinery  
  43  4:31  Refinery  
  43  4:34  SCV x2  
  43  4:37  Barracks Reactor  
  45  4:53  Engineering Bay  
  45  4:54  Armory  
  45  4:57  SCV x2  
  47  5:02  Siege Tank  
  50  5:10  Barracks Tech Lab  
  50  5:13  SCV x2  
  52  5:16  Marine  
  52  5:17  Marine  
  54  5:26  SCV x2  
  56  5:33  Terran Infantry Weapons Level 1  
  56  5:34  Siege Tank, Marine x2  
  61  5:38  SCV  
  62  6:04  SCV  
  62  6:11  Terran Infantry Armor Level 1, Marine x3  
  62  6:12  Siege Tank  
  62  6:17  Supply Depot  
  68  6:20  Supply Depot  
  68  6:25  SCV x2  
  70  6:26  Barracks  
  70  6:29  Marine x3  
  73  6:40  Medivac  
  73  6:44  Siege Tank  
  73  6:46  SCV x2  
  80  6:47  Marine x3  
  83  6:58  Missile Turret  
  83  6:59  SCV x2  
  85  7:08  Marine x2  
  85  7:14  Barracks, Stimpack, Command Center  
  87  7:16  Marine x2  
  87  7:19  Missile Turret  
  87  7:22  Supply Depot  
  89  7:24  Terran Vehicle Weapons Level 1  
  89  7:26  Marine x2  
  91  7:31  Terran Infantry Weapons Level 2  
  91  7:34  Marine  
  91  7:36  Marine  
  93  7:39  Missile Turret  
  93  7:43  Siege Tank  
  93  7:44  Marine x2  
  98  7:54  Marine  
  100  7:59  Missile Turret  
  100  8:01  Marine  
  100  8:02  Barracks Reactor, Marine  
  100  8:11  Marine  
  101  8:19  Marine  
  101  8:25  Marine  
  101  8:26  Siege Tank  
  106  8:29  Marine  
  106  8:37  Marine  
  107  8:43  Marine  
  107  8:47  Marine x3  
  110  8:54  Combat Shield  
  110  8:55  Marine  
  106  8:58  Siege Tank  
  106  9:01  Marine  
  107  9:05  Marine x3  
  110  9:13  Marine  
  111  9:19  Marine  
  111  9:23  Marine x3  
  112  9:31  Marine  
  101  9:37  Marine  
  88  9:40  Marine x2  
  88  9:41  Marine  
  83  9:47  Barracks Reactor  
  83  9:48  Siege Tank, Marine  
  83  9:49  Medivac  
  89  9:54  Marine  
  89  9:58  Marine x3  
  89  9:59  Orbital Command  
  93  10:06  Marine  
  94  10:12  Marine  
  95  10:16  Marine x3  
  95  10:17  Barracks  
  95  10:19  Medivac  
  95  10:20  Siege Tank  
  103  10:24  Marine  
  104  10:30  Marine, Refinery  
  104  10:34  Marine x3  
  108  10:42  Marine  
  109  10:48  Marine  
  109  10:49  Medivac  
  112  10:52  Marine x3  
  112  10:56  Siege Tank  
  118  10:57  Supply Depot  
  118  11:00  Marine  
  118  11:06  Marine  
  118  11:09  Marine x2  
  118  11:10  Marine  
  120  11:17  Marine  
  114  11:19  Medivac  
  114  11:23  Marine  
  117  11:27  Marine x3  
  117  11:28  Siege Tank  
  122  11:35  Marine  
  122  11:37  Terran Infantry Weapons Level 3  
  122  11:38  Terran Infantry Armor Level 2  
  122  11:41  Marine  
  122  11:45  Marine x3  
  126  11:50  Marine x2  
  126  11:53  Marine  
  129  11:56  Supply Depot  
  129  11:59  Marine  
  129  12:00  Medivac  
  132  12:03  Marine x2  
  132  12:05  Siege Tank, Marine  
  132  12:08  Marine x2  
  138  12:11  Marine  
  141  12:17  Marine  
  141  12:21  Marine x2  
  144  12:23  Marine  
  144  12:29  Marine  
  146  12:30  Medivac  
  146  12:35  Marine  
  149  12:39  Marine  
  150  12:45  Supply Depot  
  150  12:49  Siege Tank, Marine x5  
  158  12:52  Marine  
  158  12:56  Marine  
  160  13:07  Marine x3  
  160  13:25  Marine  
  160  13:27  Marine  
  160  13:28  Marine x5  
  162  13:43  Marine  
  162  13:45  Marine x2  
  138  13:53  Marine x4  
  136  14:00  Marine  
  125  14:03  Marine x2  
  120  14:10  Marine  
  120  14:11  Marine x3  
  117  14:21  Marine x2  
  116  14:28  Marine x2  
  116  14:29  Marine x2  
  109  14:39  Marine x2  
  111  14:46  Marine  
  91  15:25  Marine x6  
  91  15:42  Marine  
  91  15:43  Marine x5  
  97  16:00  Marine  
  92  17:05  Marine x5  
  92  17:06  Marine  
  94  17:23  Marine x6  
  100  17:41  Marine x5  
  101  18:37  Marine x6  
  107  18:54  Marine  
  108  19:26  Marine x4  
  108  19:27  Marine x2  
  114  19:44  Marine x6  
  102  20:02  Marine x6  
  108  20:19  Marine, Medivac  
  108  20:20  Marine x5  
  116  20:37  Marine x3  
  116  20:38  Marine x2  
  113  21:18  Marine x2  
  113  21:19  Marine x3  
  117  22:19  Marine x3  
  117  22:20  Marine x3  
  123  22:34  Orbital Command  
  115  23:46  Marine x6  
  120  24:04  Marine  
  121  24:15  Marine  
  121  24:16  Marine x4  
  126  24:21  Marine  
Tags
 
Add a new tag
Caveats
  • Supply blocks, unpowered buildings, or Contaminate may cause inaccurate times.
  • Supply counts are checked every 10 seconds.